 Dungeon Crawl Stone Soup version 0.30-a0-140-gd1020e658a (webtiles) character file.

Game seed: 13745084970267204867

49697 KennySheep the Stormcaller (level 14, -10/86 HPs)
             Began as a Tengu Air Elementalist on Sept 25, 2022.
             Was the Champion of Lugonu.
             Killed from afar by a fire dragon (38 damage)
             ... with a blast of flame
             ... on level 5 of the Lair of Beasts.
             The game lasted 01:50:23 (28876 turns).

KennySheep the Stormcaller (TeAE)                  Turns: 28876, Time: 01:50:24

Health: -10/86     AC: 16    Str:  8    XL:     14   Next: 51%
Magic:  6/37       EV: 18    Int: 21    God:    Lugonu [******]
Gold:   1791       SH:  5    Dex: 19    Spells: 10/31 levels left

rFire   . . .      SeeInvis .    u - +2 dagger (elec)
rCold   . . .      Faith    .    (no shield)
rNeg    + + +      Spirit   .    G - +0 ring mail of Gallantry {rN+++ Dex+4}
rPois   .          Reflect  +    O - +2 hat
rElec   .          Harm     .    J - +1 cloak
rCorr   .          Rampage  .    r - +1 pair of gloves
Will    ++...                    (boots unavailable)
Stlth   ++++......               p - amulet of reflection
HPRegen 0.24/turn                c - ring of magical power
MPRegen 0.25/turn                Y - +4 ring of protection

@: lethally poisoned (-10 -> -28), flying quickly and evasively, quick
A: beak, talons 3, nimble flight, strong-willed 1, passive freeze, wild magic 1
a: Renounce Religion, Depart the Abyss, Bend Space, Banish, Corrupt, Enter the
Abyss, Brand Weapon With Distortion


You were on level 5 of the Lair of Beasts.
You worshipped Lugonu.
Lugonu was exalted by your worship.
You visited 3 branches of the dungeon, and saw 20 of its levels.
You also visited: Ice Cave.

You collected 1791 gold pieces.

Inventory:

Hand Weapons
 u - a +2 dagger of electrocution (weapon)
 F - a +2 dagger of venom
 N - a +0 dagger of distortion
Missiles
 S - a throwing net
Armour
 r - a +1 pair of gloves (worn)
 G - the +0 ring mail of Gallantry (worn) {rN+++ Dex+4}
   (You found it on level 9 of the Dungeon)

   Dex:       It affects your dexterity (+4).
   rN:        It renders you almost immune to negative energy.
 J - a +1 cloak (worn)
 O - a +2 hat (worn)
Jewellery
 c - a ring of magical power (left hand)
 p - an amulet of reflection (around neck)
 q - a ring of willpower
 D - a +6 ring of intelligence
 Y - a +4 ring of protection (right hand)
Wands
 g - a wand of paralysis (5)
 w - a wand of polymorph (24)
 C - a wand of mindburst (13)
 H - a wand of digging (9)
 I - a wand of flame (23)
 T - a wand of iceblast (11)
Scrolls
 f - a scroll of blinking
 h - 5 scrolls of enchant armour
 i - 5 scrolls of teleportation
 j - 2 scrolls of silence
 l - 3 scrolls of poison
 t - 4 scrolls of magic mapping
 v - 2 scrolls of torment
 y - 3 scrolls of noise
 B - 2 scrolls of enchant weapon
 L - a scroll of amnesia
 P - 9 scrolls of identify
 R - a scroll of fear
 W - 2 scrolls of immolation {unknown}
 Z - a scroll of butterflies
Potions
 a - a potion of flight
 b - a potion of magic
 d - 6 potions of might
 e - 5 potions of mutation
 k - 8 potions of curing
 m - 2 potions of haste
 n - 3 potions of degeneration
 o - 6 potions of heal wounds
 s - 4 potions of brilliance
 z - 2 potions of lignification
 A - a potion of resistance
 E - a potion of attraction {unknown}
 Q - 2 potions of cancellation
 V - a potion of ambrosia
Miscellaneous
 x - a lightning rod (4/4)


   Skills:
 + Level 9.5 Fighting
 + Level 3.3 Armour
 + Level 10.7 Dodging
 - Level 10.0 Stealth
 + Level 9.1 Spellcasting
 * Level 3.9 Conjurations
 * Level 1.3 Ice Magic
 * Level 17.5 Air Magic
 + Level 8.7 Invocations


You had 10 spell levels left.
You knew the following spells:

 Your Spells              Type           Power      Damage    Failure   Level
a - Shock                 Conj/Air       100%       1d9       1%          1
b - Static Discharge      Conj/Air       100%       2-7/arc   1%          2
c - Swiftness             Air            83%        N/A       1%          3
d - Airstrike             Air            41%        2d(6-22)  1%          4
e - Conjure Ball Lightni  Conj/Air       31%        3x3d10    45%         6
f - Freezing Cloud        Conj/Ice/Air   26%        6-21      34%         5

Your spell library contained the following spells:

 Spells                   Type           Power      Damage    Failure   Level
 Freeze                   Ice            76%        1d9       17%         1
 Apportation              Tloc           24%        N/A       28%         1
 Ensorcelled Hibernation  Hex/Ice        32%        N/A       32%         2
 Scorch                   Fire           24%        2d6       38%         2
 Gell's Gravitas          Tloc           12%        N/A       61%         3
 Lesser Beckoning         Tloc           12%        N/A       61%         3
 Teleport Other           Tloc           12%        N/A       61%         3
 Flame Wave               Conj/Fire      23%        2d8       73%         4
 Alistair's Intoxication  Tmut/Pois      8%         N/A       100%        5
 Borgnjor's Vile Clutch   Necr/Erth      6%         N/A       100%        5
 Eringya's Noxious Bog    Tmut/Pois      6%         N/A       100%        6
 Iron Shot                Conj/Erth      11%        9d3       100%        6
 Summon Cactus Giant      Summ           6%         N/A       100%        6


Dungeon Overview and Level Annotations

Branches:
Dungeon (14/15)            Temple (0/1) D:5            Lair (5/5) D:10
  Swamp (0/4) Lair:2        Snake (0/4) Lair:3          Orc (1/2) D:10
  IceCv (visited)
  Slime: Lair:4-5    Vaults: D:13-14

Altars:
Dithmenos
Fedhas
Okawaru
Jiyva
Lugonu

Portals:
Abyss: Lair:4

Annotations:
D:5 Grinder
D:6 1 runed translucent door, Crazy Yiuf
D:10 2 transporters
D:14 exclusion: slime creature, Frances
Lair:3 2 transporters, exclusions: ice statue and oklob plant, Losulif's ghost, journeyman MiMo
Lair:4 2 transporters, Muuss's ghost, adept GnHW
Lair:5 1 transporter


Innate Abilities, Weirdness & Mutations

You have a beak for a mouth.
You have claws for feet.
Your magical nature lets you fly swiftly and evasively.
You are strong-willed. (Will+)
A frigid envelope surrounds you and freezes all who hurt you.
Your spells are a little harder to cast, but a little more powerful.


Message History

Confirm with . or Enter, or press ? or * to list all spells.
Aiming: Airstrike (mildly dangerous; 1% risk of failure)
Press: ? - help, Dir - move target, f - swamp dragon
Aim: a swamp dragon (water, empty space bonus: 7/8)
The air twists around and strikes the swamp dragon!!
The swamp dragon is moderately wounded.
Casting: Airstrike (mildly dangerous; 1% risk of failure)
Confirm with . or Enter, or press ? or * to list all spells.
Aiming: Airstrike (mildly dangerous; 1% risk of failure)
Press: ? - help, Dir - move target, f/p - swamp dragon
Aim: a swamp dragon (water, moderately wounded, empty space bonus: 7/8)
The air twists around and strikes the swamp dragon!
The swamp dragon is heavily wounded.
Casting: Airstrike (mildly dangerous; 1% risk of failure)
Confirm with . or Enter, or press ? or * to list all spells.
Aiming: Airstrike (mildly dangerous; 1% risk of failure)
Press: ? - help, Dir - move target, f/p - swamp dragon
Aim: a swamp dragon (water, heavily wounded, empty space bonus: 7/8)
The air twists around and strikes the swamp dragon!!
The swamp dragon is almost dead.
The fire dragon breathes flames at you. The blast of flame hits you!!!
Ouch! That really hurt!
The swamp dragon breathes poison at you.
The blast of poison engulfs you!
You are poisoned.
You hear an angry hiss.
Casting: Airstrike (mildly dangerous; 1% risk of failure)
Confirm with . or Enter, or press ? or * to list all spells.
Aiming: Airstrike (mildly dangerous; 1% risk of failure)
Press: ? - help, Dir - move target, f/p - swamp dragon
Aim: a swamp dragon (water, almost dead, empty space bonus: 7/8)
The air twists around and strikes the swamp dragon!!
You kill the swamp dragon!
Lugonu accepts your kill.
You are engulfed in poison gas.
You are more poisoned.
You feel very sick. The fire dragon breathes flames at you.
The blast of flame hits you!!!
You die...

♣♣♣♣♣♣♣♣♣
♣§☼§@§☼.♣♣♣♣
♣..~☼○§§☼~...♣♣
....≈≈§☼§☼.~...♣
≈~≈≈≈≈D≈≈~~..P.♣
~~≈≈..~≈....≈~~♣
..~~.P.~.♣.♣≈≈.♣
$...$♣.♣♣♣♣♣≈≈~♣
.?(?$♣♣♣♣♣♣~~~P♣
♣♣♣~.♣~.♣♣♣####


You could see a fire dragon (catching breath).

Vanquished Creatures
  Gastronok (Lair:3)
  A hydra (Lair:3)
  Fannar (Lair:2)
  Harold (D:10)
  Erica (D:8)
  2 catoblepae
  3 two-headed ogres
  A boulder beetle (Lair:2)
  Sonja (D:12)
  Amaemon (Lair:2)
  Lodul (D:10)
  A swamp dragon (Lair:5)
  A bog body (Lair:2)
  Pikel (D:6)
  5 deep elf pyromancers
  2 cyclopes
  An orc sorcerer (Orc:1)
  2 ugly things (D:12)
  A manticore (D:13)
  5 elephants (Lair:3)
  2 torpor snails
  Joseph (D:8)
  An ice statue (IceCv)
  An orange demon (Lair:2)
  A gargoyle (D:12)
  4 rime drakes
  11 komodo dragons
  14 cane toads
  An unseen horror (D:12)
  Psyche (D:10)
  2 efreet (D:14)
  2 kobold demonologists (D:14)
  A freezing wraith (D:14)
  3 trolls
  A hornet (D:10)
  A polar bear (Lair:5)
  5 slime creatures
  6 dream sheep (Lair:3)
  8 blink frogs
  A vampire (D:10)
  2 water elementals (D:14)
  A wraith (D:11)
  2 shadows (D:13)
  3 wyverns
  30 yaks
  2 humans (D:9)
  A human (shapeshifter) (D:13)
  3 basilisks
  3 steam dragons
  12 vampire mosquitoes
  A death yak simulacrum (Lair:1)
  Edmund (D:5)
  2 wargs (Orc:1)
  A naga (Lair:3)
  13 water moccasins
  3 acid dragons
  A floating eye (D:8)
  9 orc warriors
  Duvessa (D:5)
  2 great orb of eyes simulacra (IceCv)
  2 black bears
  An ice beast (D:6)
  10 ogres
  17 wolves
  4 centaurs
  2 slime creature simulacra (IceCv)
  3 lemures (D:6)
  3 kobold brigands
  16 bullfrogs
  3 gnoll sergeants
  2 necrophages (D:6)
  2 scorpions
  5 wights (D:9)
  Dowan (D:5)
  An elephant simulacrum (Lair:1)
  3 electric eels
  3 howler monkeys (D:11)
  3 hounds
  2 gnoll boudas (D:6)
  11 orc priests
  4 iguanas
  8 orc wizards
  6 shapeshifter simulacra (IceCv)
  A mummy (D:8)
  18 gnolls
  9 adders
  A white imp (D:5)
  An ufetubus (D:4)
  3 dart slugs
  56 orcs
  9 ball pythons
  10 endoplasms
  3 giant cockroaches
  7 goblins
  7 hobgoblins
  9 jackals
  15 kobolds
  8 quokkas
  2 bats
  2 frilled lizards (D:2)
  A hobgoblin zombie (D:8)
  2 kobold zombies (D:8)
  An orc zombie (D:8)
  6 rats
  2 butterflies (Lair:2)
478 creatures vanquished.

Vanquished Creatures (others)
  A centaur warrior (D:14)
  A human (D:14)
  A kobold brigand (D:9)
  A shapeshifter simulacrum (IceCv)
  41 fungi
  72 plants
117 creatures vanquished.

Grand Total: 595 creatures vanquished

Notes
Turn   | Place    | Note
-------+----------+-------------------------------------------
     0 | D:1      | KennySheep the Tengu Air Elementalist began the quest for
                  | the Orb.
     0 | D:1      | Reached XP level 1. HP: 10/10 MP: 4/4
   352 | D:1      | Reached XP level 2. HP: 12/15 MP: 6/6
   355 | D:1      | Learned a level 2 spell: Static Discharge
   831 | D:1      | Found a faded altar of an unknown god.
   875 | D:1      | Reached XP level 3. HP: 19/19 MP: 7/7
   877 | D:1      | Prayed at the altar of an unknown god.
   877 | D:1      | Became a worshipper of Lugonu the Unformed
   877 | D:1      | Reached * piety under Lugonu
   877 | D:1      | Reached ** piety under Lugonu
  1969 | D:2      | Reached skill level 5 in Air Magic
  1969 | D:2      | Reached XP level 4. HP: 14/24 MP: 7/8
  2286 | D:2      | Learned a level 3 spell: Swiftness
  3122 | D:3      | Noticed a scorpion
  3130 | D:3      | Killed a scorpion
  3131 | D:3      | Reached skill level 1 in Fighting
  3131 | D:3      | Reached skill level 1 in Invocations
  3131 | D:3      | Gained mutation: Your magical nature lets you fly swiftly
                  | and evasively. [Tengu growth]
  3131 | D:3      | Reached XP level 5. HP: 29/29 MP: 10/10
  3626 | D:4      | Reached *** piety under Lugonu
  3911 | D:4      | Reached XP level 6. HP: 34/34 MP: 11/11
  3987 | D:4      | Noticed a black bear
  4297 | D:5      | Entered Level 5 of the Dungeon
  4376 | D:5      | Reached skill level 6 in Air Magic
  4403 | D:5      | Learned a level 4 spell: Airstrike
  4450 | D:5      | Noticed Grinder
  4551 | D:5      | Noticed a black bear
  4628 | D:5      | Noticed Dowan
  4688 | D:5      | Noticed Duvessa
  4717 | D:5      | Killed Duvessa
  4718 | D:5      | Reached XP level 7. HP: 29/40 MP: 2/12
  4729 | D:5      | Found a staircase to the Ecumenical Temple.
  5289 | D:5      | Killed Dowan
  5292 | D:5      | Noticed a steam dragon
  5293 | D:5      | Reached skill level 7 in Air Magic
  5306 | D:5      | Killed a steam dragon
  5526 | D:5      | Reached XP level 8. HP: 45/45 MP: 14/14
  5792 | D:5      | Noticed Edmund
  5805 | D:5      | Killed Edmund
  6627 | D:6      | Reached skill level 8 in Air Magic
  6629 | D:6      | Gained mutation: You have hidden genetic potential. [potion
                  | of mutation]
  6629 | D:6      | Gained mutation: Your flesh is heat resistant. (rF+)
                  | [potion of mutation]
  6629 | D:6      | Lost mutation: Your flesh is heat resistant. (rF+) [potion
                  | of mutation]
  6629 | D:6      | Gained mutation: Your spells are a little harder to cast,
                  | but a little more powerful. [potion of mutation]
  7175 | D:6      | Noticed Pikel
  7189 | D:6      | Killed Pikel
  7189 | D:6      | Reached **** piety under Lugonu
  7190 | D:6      | Reached skill level 5 in Dodging
  7190 | D:6      | Reached skill level 9 in Air Magic
  7190 | D:6      | Reached XP level 9. HP: 36/52 MP: 16/16
  7392 | D:6      | Reached skill level 5 in Stealth
  7398 | D:6      | Gained mutation: You are strong-willed. (Will+) [hidden
                  | potential]
  7650 | D:6      | Found a runed translucent door.
  7651 | D:6      | Noticed Crazy Yiuf
  8464 | D:7      | Reached skill level 10 in Air Magic
  8601 | D:8      | Noticed Erica
  8609 | D:8      | Killed Erica
  8610 | D:8      | Reached skill level 5 in Spellcasting
  8610 | D:8      | Reached XP level 10. HP: 58/58 MP: 17/18
  8927 | D:8      | Reached skill level 5 in Fighting
  8960 | D:8      | Gained mutation: A frigid envelope surrounds you and
                  | freezes all who hurt you. [hidden potential]
  8960 | D:8      | Lost mutation: You have hidden genetic potential. [hidden
                  | potential expressed]
  9023 | D:8      | Noticed Joseph
  9034 | D:8      | Killed Joseph
  9035 | D:8      | Reached skill level 11 in Air Magic
  9584 | D:8      | Reached skill level 5 in Invocations
  9777 | D:8      | Noticed Maurice
  9940 | D:8      | Maurice changed into Maurice the floating eye
  9940 | D:8      | Noticed Maurice
  9942 | D:8      | Killed Maurice the floating eye
 10115 | D:10     | Entered Level 10 of the Dungeon
 10125 | D:10     | Noticed Psyche
 10127 | D:10     | Killed Psyche
 10130 | D:10     | Noticed Harold
 10134 | D:10     | Killed Harold
 10482 | D:9      | Found a blossoming altar of Fedhas.
 10579 | D:9      | Identified the +0 ring mail of Gallantry {rN+++ Dex+4}
 10615 | D:9      | Reached skill level 12 in Air Magic
 10617 | D:9      | Reached XP level 11. HP: 55/64 MP: 21/21
 10978 | D:9      | Identified the +0 plate armour "Woull" {rCorr}
 11204 | D:9      | Reached ***** piety under Lugonu
 11572 | D:9      | Found an iron altar of Okawaru.
 11959 | D:10     | Found a transporter.
 11966 | D:10     | Found a transporter.
 11996 | D:10     | Found a viscous altar of Jiyva.
 12047 | D:10     | Paralysed by a hornet for 3 turns
 12346 | D:10     | Noticed Lodul
 13567 | D:9      | Reached skill level 13 in Air Magic
 14222 | D:11     | Noticed a two-headed ogre
 14252 | D:11     | Killed a two-headed ogre
 14672 | D:11     | Identified the +9 short sword of Disgust {drain, rN+ Int+4
                  | Stlth+}
 14754 | D:11     | Noticed a two-headed ogre
 14764 | D:11     | Killed a two-headed ogre
 15174 | D:12     | You are sucked into a shaft and drop 2 floors!
 15220 | D:14     | Noticed Frances
 15277 | D:14     | Killed a centaur warrior
 15293 | D:14     | Noticed a catoblepas
 15333 | D:14     | Noticed a soul eater
 15420 | D:14     | Noticed a deep elf pyromancer
 15431 | D:14     | Killed a deep elf pyromancer
 15432 | D:14     | Reached XP level 12. HP: 22/71 MP: 3/23
 15870 | D:12     | Noticed a two-headed ogre
 15876 | D:12     | Killed a two-headed ogre
 15877 | D:12     | Reached skill level 14 in Air Magic
 16576 | D:12     | Noticed Sonja
 16579 | D:12     | Killed Sonja
 17678 | D:13     | Killed a catoblepas
 17679 | D:13     | Reached skill level 15 in Air Magic
 18218 | D:14     | Reached XP level 13. HP: 78/78 MP: 14/25
 18468 | D:14     | Noticed a vault guard
 18468 | D:14     | Noticed a vault guard
 18468 | D:14     | Noticed a vault guard
 18955 | D:10     | Found a staircase to the Lair.
 18968 | D:10     | Found a shadowy altar of Dithmenos.
 19136 | D:10     | Killed Lodul
 19372 | D:10     | Found a staircase to the Orcish Mines.
 19695 | Orc:1    | Entered Level 1 of the Orcish Mines
 20034 | Orc:1    | Reached ****** piety under Lugonu
 20428 | Lair:1   | Entered Level 1 of the Lair of Beasts
 20529 | Lair:1   | Found a frozen archway.
 20560 | IceCv    | Entered an ice cave
 21444 | IceCv    | Identified the +0 ring mail "Plog" {rCorr Dex+2}
 22488 | Lair:1   | Reached skill level 16 in Air Magic
 22895 | Lair:2   | Noticed Fannar
 22912 | Lair:3   | Found a transporter.
 23064 | Lair:3   | Noticed Gastronok
 23070 | Lair:3   | Killed Gastronok
 23232 | Lair:3   | Found a transporter.
 23249 | Lair:3   | Identified the +6 rapier of the Enchanted Forest
                  | {antimagic, rF- Int+4 Stlth+}
 23351 | Lair:3   | Got the Cyclopedia of Attacks and Rime
 23518 | Lair:3   | Noticed Losulif's ghost (journeyman MiMo)
 23628 | Lair:2   | Found a staircase to the Swamp.
 23713 | Lair:2   | Reached skill level 10 in Dodging
 24033 | Lair:2   | Reached skill level 10 in Stealth
 24239 | Lair:2   | Noticed Amaemon
 24242 | Lair:2   | Killed Amaemon
 24419 | Lair:2   | Reached skill level 1 in Armour
 24528 | Lair:2   | Reached XP level 14. HP: 86/86 MP: 23/27
 24632 | Lair:2   | Killed Fannar
 25562 | Lair:3   | Found a staircase to the Snake Pit.
 25571 | Lair:3   | Reached skill level 17 in Air Magic
 27213 | Lair:4   | Found a transporter.
 27556 | Lair:4   | Learned a level 6 spell: Conjure Ball Lightning
 27562 | Lair:4   | Learned a level 5 spell: Freezing Cloud
 27663 | Lair:4   | Found a one-way gate to the infinite horrors of the Abyss.
 27672 | Lair:4   | Noticed Muuss's ghost (adept GnHW)
 27673 | Lair:4   | Found a transporter.
 27967 | Lair:5   | Entered Level 5 of the Lair of Beasts
 28278 | Lair:5   | Found a transporter.
 28446 | Lair:5   | Reached skill level 1 in Ice Magic
 28876 | Lair:5   | Killed from afar by a fire dragon

Illustrated notes

Levels and vault maps discovered:
D:1:      dpeg_arrival_ternary, layout_loops_corners, basic_ecumenical_altar
D:2:      layout_basic
D:3:      layout_loops_ring
D:4:      layout_cave_pods, grunt_ministairs_7
D:5:      layout_loops_corners, minmay_temple_entry_enclosed_plants,
          chequers_serial_rivers_small_a, chequers_mini_garden,
          chequers_serial_rivers_small_3, dreamdust_wishing_well, uniq_grinder,
          uniq_duvessa, uniq_edmund
D:6:      layout_loops_ring, uniq_crazy_yiuf_cottage, uniq_pikel
D:7:      layout_gridville
D:8:      layout_gridville, minmay_mini_ossuary, uniq_maurice, uniq_joseph,
          uniq_erica
D:9:      layout_basic, okawaru_humans, fedhas_bush_and_centaur_altar
D:10:     gammafunk_jiyva_shrine, layout_cave_pools, grunt_dithmenos_smoke,
          david_orc_4, uniq_harold, uniq_psyche, uniq_lodul
D:11:     layout_grid_maze
D:12:     layout_gridville, uniq_sonja
D:13:     layout_basic
D:14:     layout_layer_cave, ximxim_vaults_locker_room, roderic_st_hans_cross,
          serial_bayou_lagoon_b, uniq_frances
Lair:1:   layout_long_grid, portal_ice_cave_entry_ice_simulacra
Lair:2:   layout_regular_city, skrybe_swamp_entry_bodies, lemuel_fruit_fields,
          serial_bayou_shore_a, uniq_amaemon, uniq_fannar
Lair:3:   layout_cave_pods, guppyfry_snake_entry_island, nzn_ghost_randoct,
          uniq_gastronok
Lair:4:   layout_regular_city, gammafunk_ghost_abyssal_escape
Lair:5:   wormcave, layout_misc_corridors, guppyfry_lair_end_dragon,
          dpeg_slime_entry_enclosed, gammafunk_ghost_berserking_beasts
Orc:1:    layout_diamond_mine, uniq_jorgrun

Skill      XL: |  1  2  3  4  5  6  7  8  9 10 11 12 13 14 |
---------------+-------------------------------------------+-----
Conjurations   | 2 3 |  3.9
Air Magic      | 5 6 7 9 10 12 13 15 16 17 | 17.5
Fighting       | 1 2 3 4 5 6 8 9 |  9.5
Invocations    | 1 2 3 4 5 6 7 8 |  8.7
Dodging        | 3 5 6 8 9 10 | 10.7
Spellcasting   | 3 4 5 6 7 8 9 |  9.1
Stealth        | 3 4 5 6 8 9 10 | 10.0
Armour         | 1 3 |  3.3
Ice Magic      | 1 |  1.3

Action                   |  1- 3 |  4- 6 |  7- 9 | 10-12 | 13-15 || total
-------------------------+-------+-------+-------+-------+-------++-------
Melee: Dagger            |       |     2 |     4 |    42 |    73 ||   121
       Peck              |       |     1 |     1 |    13 |    16 ||    31
       Unarmed           |       |       |     5 |       |       ||     5
       Kick              |       |       |     1 |    17 |    19 ||    37
       Punch             |       |       |     1 |       |       ||     1
 Cast: Shock             |    93 |   115 |   196 |   218 |    77 ||   699
       Airstrike         |       |       |     9 |   150 |   333 ||   492
       Static Discharge  |       |       |       |    10 |     3 ||    13
       Swiftness         |       |       |       |     3 |       ||     3
Evoke: Wand              |       |       |       |     2 |     5 ||     7
       Lightning rod     |       |       |       |       |     1 ||     1
  Use: Potion            |       |     1 |     3 |     5 |     2 ||    11
       Scroll            |       |     3 |     3 |    11 |    11 ||    28
 Stab: Sleeping          |       |       |       |     3 |     3 ||     6
       Paralysed         |       |       |       |       |     3 ||     3
Armor: Robe              |     5 |     6 |    13 |       |       ||    24
       Steam dragon scal |       |       |       |    36 |    11 ||    47
       Ring mail         |       |       |       |       |    38 ||    38
Dodge: Dodged            |    18 |    22 |    64 |   155 |   164 ||   423
Block: Other             |       |    11 |    20 |    52 |    52 ||   135
       Reflection        |       |     1 |       |     8 |     3 ||    12

Table legend: (Time is in decaauts)
 A = Elapsed time spent in this place.
 B = Non-inter-level travel time spent in this place.
 C = Inter-level travel time spent in this place.
 D = Time resting spent in this place.
 E = Time spent auto-exploring this place.
 F = Levels seen in this place.
 G = Mean time per level.
                   A        B        C        D        E       F      G
               +--------+--------+--------+--------+--------+-----+--------+
         Total |  27753 |  26375 |   1378 |  10425 |  12138 |  21 | 1321.6 |
       Dungeon |  19037 |  17821 |   1216 |   6244 |   9033 |  14 | 1359.8 |
          Lair |   7066 |   6919 |    147 |   2939 |   3052 |   5 | 1413.2 |
  Orcish Mines |    588 |    573 |     15 |    408 |     43 |   1 |  588.0 |
      Ice Cave |   1060 |   1060 |      0 |    833 |      9 |   1 | 1060.0 |
               +--------+--------+--------+--------+--------+-----+--------+

Top non-repeatable levels by time:
     D:9: 2522 daAuts
     D:5: 2101 daAuts
  Lair:3: 1955 daAuts
  Lair:4: 1779 daAuts
    D:11: 1629 daAuts
  Lair:2: 1581 daAuts
    D:13: 1512 daAuts
    D:10: 1401 daAuts
     D:6: 1326 daAuts
     D:2: 1289 daAuts
  Lair:1: 1261 daAuts
     D:1: 1233 daAuts
     D:7: 1220 daAuts
     D:8: 1179 daAuts
     D:4: 1144 daAuts
